 Dungeon Crawl Stone Soup version 0.30-b1-2-g02819fbbbe (webtiles) character file.

Game seed: 9398708456719678044

252 caveywoolpert the Digger (level 6, 0/34 HPs)
             Began as a Gargoyle Earth Elementalist on May 13, 2023.
             Was an Initiate of Vehumet.
             Killed by divine providence
             ... invoked by an orc priest
              (13 damage)
             ... on level 5 of the Dungeon.
             The game lasted 00:03:11 (2840 turns).

caveywoolpert the Digger (GrEE)                     Turns: 2840, Time: 00:03:12

Health: 0/34       AC:  6    Str: 11    XL:     6   Next: 14%
Magic:  1/11       EV: 12    Int: 18    God:    Vehumet [......]
Gold:   108        SH:  0    Dex: 10    Spells: 8/12 levels left

rFire   . . .        (no weapon)
rCold   . . .        (no shield)
rNeg    + . .        a - +0 robe
rPois   ∞            (no helmet)
rElec   +            (no cloak)
rCorr   .            (no gloves)
SInv    .            (no boots)
Will    .....        (no amulet)
Stlth   ++           (no ring)
HPRegen 0.25/turn    (no ring)
MPRegen 0.12/turn

%: no passive effects
@: no status effects
A: sickness immunity, AC +4, negative energy resistance 1, electricity
resistance, torment resistance 1, petrification resistance
a: Renounce Religion


You were on level 5 of the Dungeon.
You worshipped Vehumet.
Vehumet was noncommittal.
You visited 1 branch of the dungeon, and saw 5 of its levels.

You collected 108 gold pieces.

Inventory:

Armour
 a - a +0 robe (worn)
Scrolls
 c - 2 scrolls of blinking {unknown}
 g - a scroll of poison {unknown}
 h - a scroll of teleportation {unknown}
 i - a scroll of immolation {unknown}
 l - a scroll of acquirement {unknown}
 m - 2 scrolls of fog {unknown}
 n - a scroll of vulnerability {unknown}
 p - a scroll of noise {unknown}
 q - a scroll of enchant armour {unknown}
Potions
 b - a potion of magic
 d - 2 potions of attraction {unknown}
 e - a potion of invisibility {unknown}
 f - 2 potions of curing {unknown}
 j - a potion of lignification {unknown}
 k - a potion of ambrosia {unknown}
 o - a potion of flight {unknown}
 r - a potion of haste
 s - a potion of heal wounds {unknown}


   Skills:
 + Level 1.1 Fighting
 + Level 1.1 Armour
 + Level 1.9 Dodging
 - Level 2.1 Stealth
 + Level 3.6 Spellcasting
 + Level 2.3 Conjurations
 - Level 0.7 Transmutations
 + Level 5.4 Earth Magic


You had 8 spell levels left.
You knew the following spells:

 Your Spells              Type           Power      Damage    Failure   Level
a - Sandblast             Erth           44%        2d11      1%          1
b - Stone Arrow           Conj/Erth      34%        3d9       9%          3

Your spell library contained the following spells:

 Spells                   Type           Power      Damage    Failure   Level
 Passwall                 Tmut/Erth      11%        N/A       6%          2
 Petrify                  Tmut/Erth      14%        N/A       38%         4
 Vhi's Electric Charge    Tloc/Air       6%         N/A       41%         3
 Volatile Blastmotes      Fire/Tloc      6%         2d10      41%         3
 Lee's Rapid Deconstruct  Erth           11%        3d8*      41%         5
 Fulminant Prism          Conj/Hex       3%         3d5       67%         4
 Iskenderun's Mystic Bla  Conj/Tloc      7%         2d4       67%         4
 Manifold Assault         Tloc           3%         N/A       83%         4
 Arcjolt                  Conj/Air       3%         1d13      95%         5
 Dispersal                Tloc           1%         N/A       100%        6
 Plasma Beam              Fire/Air       1%         2x1d12    100%        6
 Disjunction              Tloc           1%         N/A       100%        8


Dungeon Overview and Level Annotations

Branches:
Dungeon (5/15)             Temple (0/1) D:4

Altars:
Fedhas
Vehumet
Yredelemnul

Annotations:
D:3 Grinder


Innate Abilities, Weirdness & Mutations

You are immune to sickness and miasma.
Your stone body is resilient. (AC +4)
You are immune to poison.
You resist negative energy. (rN+)
You are resistant to electric shocks. (rElec)
You are resistant to unholy torment.
You are immune to petrification.


Message History

Press: ? - help, Shift-Dir - straight line, f - orc
Aim: an orc, wielding a +0 hand axe (83% to hit)
The blast of sand hits the orc!
You kill the orc!
Vehumet accepts your kill.
Unknown command.
Casting: Sandblast (safe; 1% risk of failure)
Confirm with . or Enter, or press ? or * to list all spells.
Aiming: Sandblast (safe; 1% risk of failure)
Press: ? - help, Shift-Dir - straight line, f - orc priest
Aim: an orc priest, wielding a +0 mace and wearing a +0 leather armour (83% to hit)
The blast of sand hits the orc priest!
The orc priest is almost dead.
The orc priest hits you with a +0 mace.
Casting: Sandblast (safe; 1% risk of failure)
Confirm with . or Enter, or press ? or * to list all spells.
Aiming: Sandblast (safe; 1% risk of failure)
Press: ? - help, Shift-Dir - straight line, f/p - orc priest
Aim: an orc priest, wielding a +0 mace and wearing a +0 leather armour (almost dead, 83% to hit)
The blast of sand misses the orc priest.
A dart slug comes into view.
The orc priest hits you with a +0 mace.
Casting: Sandblast (safe; 1% risk of failure)
Confirm with . or Enter, or press ? or * to list all spells.
Aiming: Sandblast (safe; 1% risk of failure)
Press: ? - help, Shift-Dir - straight line, f/p - orc priest
Aim: an orc priest, wielding a +0 mace and wearing a +0 leather armour (almost dead, 83% to hit)
The blast of sand misses the orc priest.
The orc priest closely misses you. The orc priest hits you with a +0 mace.
Unknown command.
Casting: Sandblast (safe; 1% risk of failure)
Confirm with . or Enter, or press ? or * to list all spells.
Aiming: Sandblast (safe; 1% risk of failure)
Press: ? - help, Shift-Dir - straight line, f/p - orc priest
Aim: an orc priest, wielding a +0 mace and wearing a +0 leather armour (almost dead, 83% to hit)
The blast of sand hits the orc priest but does no damage.
The orc priest is almost dead.
The orc priest invokes the aid of Beogh against you.
Beogh smites you!
You die...

.# . .## ..
... ... ..
....## .# ##>
#...##.##....
####.....)w...
#.....@o.)#
...######.## #


You could see an orc priest and a dart slug.

Vanquished Creatures
  A scorpion (D:4)
  A hound (D:5)
  An orc priest (D:5)
  A jelly (D:4)
  An orc wizard (D:5)
  A gnoll (D:1)
  An adder (D:3)
  A worm (D:4)
  2 orcs (D:5)
  5 endoplasms
  A giant cockroach (D:1)
  9 goblins
  5 hobgoblins
  5 jackals
  6 quokkas
  3 ball pythons
  4 bats
  3 frilled lizards
  2 kobolds (D:1)
  2 rats
55 creatures vanquished.

Notes
Turn   | Place    | Note
-------+----------+-------------------------------------------
     0 | D:1      | caveywoolpert the Gargoyle Earth Elementalist began the
                  | quest for the Orb.
     0 | D:1      | Reached XP level 1. HP: 10/10 MP: 3/3
   144 | D:1      | Reached skill level 4 in Earth Magic
   144 | D:1      | Reached XP level 2. HP: 15/15 MP: 0/5
   435 | D:1      | Found a faded altar of an unknown god.
   529 | D:1      | Reached XP level 3. HP: 19/19 MP: 3/6
   568 | D:1      | Learned a level 3 spell: Stone Arrow
  1276 | D:2      | Found a basalt altar of Yredelemnul.
  2011 | D:3      | Found a blossoming altar of Fedhas.
  2012 | D:3      | Found a radiant altar of Vehumet.
  2145 | D:3      | Reached skill level 1 in Conjurations
  2145 | D:3      | Reached XP level 4. HP: 24/24 MP: 6/8
  2179 | D:3      | Became a worshipper of Vehumet
  2254 | D:3      | Noticed Grinder
  2375 | D:4      | Found a staircase to the Ecumenical Temple.
  2459 | D:4      | Noticed a scorpion
  2469 | D:4      | Killed a scorpion
  2470 | D:4      | Reached skill level 5 in Earth Magic
  2470 | D:4      | Reached XP level 5. HP: 21/28 MP: 4/10
  2829 | D:5      | Entered Level 5 of the Dungeon
  2834 | D:5      | Reached skill level 1 in Armour
  2836 | D:5      | Reached skill level 1 in Fighting
  2836 | D:5      | Reached XP level 6. HP: 19/34 MP: 5/11
  2840 | D:5      | Killed from afar by an orc priest

Illustrated notes

Levels and vault maps discovered:
D:1:      wander_arrival_chamber, layout_loops_cross,
          dilly_ecumenical_altar_fadedgnrine, minmay_surrounded
D:2:      layout_basic, basic_altar
D:3:      layout_basic, gammafunk_temple_overflow_statue, serial_shops, shop,
          uniq_grinder
D:4:      layout_gridville, minmay_temple_entry_grid
D:5:      layout_rooms, nicolae_ossuary_entry_plus, serial_shops, shop,
          hellmonk_bongcloud_opening, grunt_decor_clamped,
          uniq_crazy_yiuf_cottage

Skill      XL: |  1  2  3  4  5 |
---------------+----------------+-----
Earth Magic    | 4 5 |  5.4
Spellcasting   | 3 |  3.6
Conjurations   | 1 2 |  2.3
Armour         | 1 |  1.1
Fighting       | 1 |  1.1
Dodging        | |  1.9
Stealth        | |  2.1
Transmutations | |  0.7

Action                     |  1- 3 |  4- 6 || total
---------------------------+-------+-------++-------
   Cast: Sandblast         |    52 |    34 ||    86
 Armour: Robe              |     8 |     4 ||    12
  Dodge: Dodged            |     6 |     9 ||    15
